 Dungeon Crawl Stone Soup version 0.16.0-11-gd45b091 (webtiles) character file.

10430 Woxaris the Summoner (level 11, -15/77 HPs)
             Began as a Vampire Summoner on Mar 17, 2015.
             Was a High Priest of Makhleb.
             Demolished by an Executioner (16 damage)
             ... summoned by the player character
             ... on level 12 of the Dungeon.
             The game lasted 02:21:53 (10004 turns).

Woxaris the Summoner (Vampire Summoner)            Turns: 10004, Time: 02:21:53

Health: -15/77     AC: 11    Str: 12    XL:     11   Next: 36%
Magic:  9/35       EV: 15    Int: 24    God:    Makhleb [*****.]
Gold:   1004       SH:  0    Dex: 14    Spells: 6 memorised, 6 levels left

rFire  . . .     SeeInvis +     L - +8 whip "Snakebite" {venom, rPois}
rCold  . . .     Clarity  .     h - +0 leather armour
rNeg   + . .     SustAb   .     (no shield)
rPois  +         Gourm    .     e - +2 helmet
rElec  .         Spirit   .     u - +2 cloak
rCorr  .         Warding  .     X - +0 pair of gloves
rMut   .         Stasis   .     (no boots)
MR     +....                    (no amulet)
Stlth  ++++......               M - +4 ring of strength
                                K - ring of magical power

@: brilliant, very slightly contaminated, invisible, somewhat resistant to
hostile enchantments, stealthy
A: bottle blood, fangs 3, see invisible, unbreathing
a: Bat Form, Minor Destruction, Lesser Servant of Makhleb, Major Destruction,
Greater Servant of Makhleb, Renounce Religion


You were on level 12 of the Dungeon.
You worshipped Makhleb.
Makhleb was extremely pleased with you.
You were not thirsty.

You visited 2 branches of the dungeon, and saw 13 of its levels.

You collected 1004 gold pieces.

Inventory:

Hand weapons
 a - a +2 battleaxe of venom
 x - a +0 shortbow
 A - a +1 short sword of electrocution
 L - the +8 whip "Snakebite" (weapon) {venom, rPois}
   (You found it on level 4 of the Dungeon)

   It poisons the flesh of those it strikes.
   It protects you from poison.
 N - a +1 spear of venom
 R - a +2 hand axe of flaming
 T - a +1 dagger of protection
 V - a +2 dagger of venom
 Y - a +0 shortbow
Armour
 e - a +2 helmet (worn)
 h - a +0 leather armour (worn)
 u - a +2 cloak (worn)
 w - a +1 chain mail of cold resistance
 X - a +0 pair of gloves (worn)
Magical staves
 d - an uncursed staff of poison
Jewellery
 j - an uncursed ring of stealth
 r - an uncursed ring of positive energy
 C - a +5 ring of strength
 K - a ring of magical power (left hand)
 M - a +4 ring of strength (right hand)
 P - an uncursed ring of fire
Magical devices
 c - a wand of confusion (0)
 g - a wand of polymorph (10)
 k - a wand of magic darts (19)
 s - a wand of fireball (5)
 H - a wand of cold (7)
 Q - a wand of slowing (25)
Scrolls
 m - 4 scrolls of remove curse
 o - a scroll of random uselessness {unknown}
 q - 4 scrolls of blinking
 t - 3 scrolls of immolation
 v - 5 scrolls of identify
 y - 2 scrolls of fog {unknown}
 B - 2 scrolls of recharging {unknown}
 D - a scroll of enchant armour {unknown}
 E - 6 scrolls of teleportation
 F - 3 scrolls of amnesia {unknown}
 I - a scroll of enchant weapon {unknown}
 O - a scroll of magic mapping {unknown}
 W - 2 scrolls of vulnerability {unknown}
 Z - a scroll of summoning {unknown}
Potions
 i - 2 potions of restore abilities
 n - a potion of cancellation
 z - a potion of might
 G - a potion of invisibility
 J - a potion of cure mutation
 S - 2 potions of curing
 U - a potion of resistance
Books
 b - a book of Callings

   Spells                             Type                      Level
   a - Summon Small Mammal            Summoning                    1
   b - Call Imp                       Summoning                    2
   c - Call Canine Familiar           Summoning                    3
   d - Summon Guardian Golem          Hexes/Summoning              4
   e - Summon Lightning Spire         Summoning/Air                4
   f - Summon Ice Beast               Ice/Summoning                4
 p - a book of Dreams

   Spells                             Type                      Level
   a - Ensorcelled Hibernation        Hexes/Ice                    2
   b - Flight                         Charms/Air                   3
   c - Phase Shift                    Translocation                5
   d - Shadow Creatures               Summoning                    5
   e - Mass Confusion                 Hexes                        6
   f - Darkness                       Hexes                        7


   Skills:
 + Level 4.0 Fighting
 + Level 2.4 Short Blades
 + Level 4.2 Maces & Flails
   Level 1.7(2.1) Slings
 + Level 1.7(2.1) Throwing
 + Level 3.8 Armour
 + Level 6.9 Dodging
 - Level 9.0 Stealth
 + Level 2.4 Unarmed Combat
 + Level 7.5 Spellcasting
 + Level 4.2 Hexes
 * Level 9.9 Summonings
   Level 1.8 Fire Magic
 + Level 4.3 Ice Magic
 + Level 2.2 Invocations


You had 6 spell levels left.
You knew the following spells:

 Your Spells              Type           Power        Failure   Level  Hunger
a - Summon Small Mammal   Summ           ####         1%          1    None
b - Call Imp              Summ           ######..     1%          2    None
c - Call Canine Familiar  Summ           ######..     1%          3    None
d - Summon Guardian Gole  Hex/Summ       ######..     1%          4    ###....
e - Summon Ice Beast      Ice/Summ       ######..     1%          4    ###....
f - Shadow Creatures      Summ           N/A          1%          5    #####..


Dungeon Overview and Level Annotations

Branches:
Dungeon (12/15)            Temple (1/1) D:7            Lair (0/8) D:11
    Orc (0/4) D:11

Altars:
Ashenzari
Cheibriados
Dithmenos
Elyvilon
Fedhas
Gozag
Kikubaaqudgha
Makhleb
Nemelex Xobeh
Okawaru
Qazlal
Ru
Sif Muna
Trog
Vehumet
Xom
Yredelemnul
Zin
The Shining One
Beogh

Portals:
Trove: D:11 (give 6 potions of haste)


Innate Abilities, Weirdness & Mutations

You can bottle blood from corpses.
You have razor-sharp teeth.
You have supernaturally acute eyesight.
You can survive without breathing.


Message History

Psyche closely misses your cacodemon.
Your cacodemon gestures at the slime creature.
The slime creature resists with significant effort.
The slime creature hits your cacodemon!
Something hits your cacodemon but does no damage.
Your blizzard demon hits the slime creature.
Your blizzard demon hits the slime creature!
The slime creature dies!
Makhleb accepts your kill.
Your Fighting skill increases to level 4!
Use which ability? (? or * to list)
A demon appears!
It doesn't seem very happy.
You feel somewhat more thirsty.
Psyche hits your blizzard demon but does no damage.
Space bends around your blizzard demon.
Your cacodemon hits Psyche. Your cacodemon hits Psyche.
The orc completely misses you.
Your blizzard demon hits Psyche!
Psyche dies!
Makhleb accepts your kill. The Executioner hits you!
You die...

# # # # ## ####.
### ##.... ##.##
#..... ...##.@.##
##.... #...1..o# .
####..#.#
##.......o.#
#....##.#
##......#2Y##.###
#.#
##.....##)C.(##
#.#
##....o.#2.C.##
#.#
##...........###.#
.....Y....C2(@..#
.......Y.D..###..


You could see an Executioner, a cyclops, a yak, an orc warrior, 2 orcs and a
friendly blizzard demon.

Vanquished Creatures
  A hill giant (D:10)
  A two-headed ogre (D:12)
  A wraith (D:12)
  The ghost of Econoterrorist the Slicer, an average KoSk (D:4)
  A shadow (D:12)
  6 yaks
  3 sky beasts
  A porcupine (D:11)
  Purgy (D:3)
  An orc warrior (D:10)
  2 phantoms
  3 black bears
  6 centaurs
  2 crocodiles (D:11)
  5 giant frogs
  2 killer bees (D:11)
  A goliath beetle (D:8)
  3 giant frog zombies
  3 crimson imps
  A centaur zombie (D:7)
  A jelly (D:9)
  A quasit (D:7)
  8 hounds
  An iguana (D:4)
  2 orc priests
  8 worker ants
  2 giant frog skeletons
  Ijyb (D:3)
  6 adders
  A river rat (D:11)
  2 shadow imps
  3 worms
  3 giant mites (D:3)
  An adder skeleton (D:6)
  2 oozes
  13 orcs
  5 giant cockroaches
  8 goblins
  5 hobgoblins
  A jackal (D:3)
  3 quokkas
  A ball python (D:3)
  6 bats
  6 giant geckos
  A giant gecko zombie (D:6)
  7 giant newts
  10 kobolds
  9 rats
  A ballistomycete (D:10)
  A plant (D:8)
164 creatures vanquished.

Vanquished Creatures (collateral kills)
  A hydra (D:12)
  Urug (D:10)
  2 slime creatures (D:12)
  An unseen horror (D:10)
  Erolcha (D:11)
  An ugly thing (D:11)
  A hill giant (D:12)
  Psyche (D:12)
  2 guardian mummies (D:11)
  Grinder (D:3)
  3 basilisks (D:11)
  A wraith (D:11)
  8 yaks
  2 porcupines (D:11)
  A sky beast (D:7)
  A hungry ghost (D:11)
  6 orc warriors
  An ogre (D:10)
  2 ice beasts (D:11)
  A necrophage (D:11)
  3 centaurs
  2 crocodiles (D:11)
  Duvessa (D:5)
  A giant frog (D:4)
  2 big kobolds
  7 killer bees
  A jelly (D:11)
  3 crimson imps
  A goliath beetle (D:10)
  Dowan (D:5)
  6 orc priests
  A hound (D:4)
  A quasit (D:7)
  A giant frog skeleton (D:10)
  6 orc wizards
  3 worker ants
  A mummy (D:10)
  4 gnolls (D:5)
  An adder (D:2)
  2 shadow imps
  2 giant mites
  A worm (D:4)
  3 giant geckos
  27 orcs
  A giant cockroach (D:2)
  5 goblins
  6 hobgoblins
  3 jackals (D:3)
  2 quokkas (D:3)
  A ball python (D:2)
  6 bats
  A giant newt (D:1)
  A giant spore (D:11)
  12 kobolds
  4 rats
  2 plants (D:11)
163 creatures vanquished.

Vanquished Creatures (others)
  A wyvern (D:11)
  A deep elf mage (D:12)
  A guardian golem (D:11)
  20 ice beasts
  An ogre (D:11)
  2 giant frogs
  2 wights (D:11)
  3 hounds
  2 crimson imps
  2 jellies
  An orc priest (D:11)
  An orc wizard (D:11)
  An iguana (D:11)
  2 worker ants
  An adder (D:12)
  2 shadow imps (D:12)
  An orc (D:11)
  A quokka (D:1)
  A bat (D:3)
  A giant spore (D:10)
47 creatures vanquished.

Grand Total: 374 creatures vanquished

Notes
Turn   | Place    | Note
--------------------------------------------------------------
     0 | D:1      | Woxaris, the Vampire Summoner, began the quest for the Orb.
     0 | D:1      | Reached XP level 1. HP: 13/13 MP: 3/3
   349 | D:1      | Reached XP level 2. HP: 19/19 MP: 2/4
   422 | D:1      | Learned a level 2 spell: Call Imp
  1206 | D:2      | Reached XP level 3. HP: 22/24 MP: 6/6
  1344 | D:2      | Found a glowing silver altar of Zin.
  1643 | D:2      | Learned a level 3 spell: Call Canine Familiar
  2056 | D:3      | Reached XP level 4. HP: 27/31 MP: 8/8
  2107 | D:3      | Noticed Ijyb
  2109 | D:3      | Noticed Grinder
  2126 | D:3      | Killed Ijyb
  2126 | D:3      | Reached skill level 5 in Summonings
  2142 | D:3      | Reached skill level 1 in Slings
  2142 | D:3      | Reached skill level 1 in Throwing
  2142 | D:3      | Reached skill level 5 in Stealth
  2142 | D:3      | Reached skill level 6 in Summonings
  2142 | D:3      | Reached skill level 1 in Fire Magic
  2142 | D:3      | Reached XP level 5. HP: 11/41 MP: 3/13
  2161 | D:3      | Killed Grinder
  2161 | D:3      | Reached XP level 6. HP: 34/47 MP: 2/15
  2208 | D:3      | Found a burning altar of Makhleb.
  2230 | D:3      | Became a worshipper of Makhleb the Destroyer
  2327 | D:3      | You fall through a shaft!
  2327 | D:4      | Found a radiant altar of Vehumet.
  2724 | D:4      | Reached XP level 7. HP: 52/52 MP: 17/17
  2734 | D:4      | Noticed Econoterrorist's ghost (average KoSk)
  2753 | D:4      | Killed Econoterrorist's ghost
  2753 | D:4      | Reached skill level 5 in Dodging
  2762 | D:4      | Learned a level 4 spell: Summon Guardian Golem
  2774 | D:4      | Found a staircase to the Ecumenical Temple.
  3096 | D:4      | Acquired Makhleb's first power
  3234 | D:4      | Found Cica's Gadget Shop.
  3830 | D:3      | Noticed Purgy
  3846 | D:3      | Killed Purgy
  4124 | D:5      | Entered Level 5 of the Dungeon
  4173 | D:5      | Learned a level 4 spell: Summon Ice Beast
  4181 | D:5      | Acquired Makhleb's second power
  4235 | D:5      | Noticed Dowan
  4239 | D:5      | Killed Dowan
  4266 | D:5      | Noticed Duvessa
  4277 | D:5      | Killed Duvessa
  4277 | D:5      | Reached XP level 8. HP: 31/58 MP: 18/18
  4492 | D:5      | Found a shadowy altar of Dithmenos.
  4614 | D:5      | Found a sparkling altar of Nemelex Xobeh.
  4754 | D:6      | Reached skill level 1 in Ice Magic
  4883 | D:6      | Acquired Makhleb's third power
  5017 | D:6      | Reached skill level 7 in Summonings
  5373 | D:7      | Reached skill level 5 in Spellcasting
  5877 | D:7      | Reached XP level 9. HP: 64/64 MP: 14/21
  5946 | D:7      | Acquired Makhleb's fourth power
  6284 | D:7      | Found a staircase to the Ecumenical Temple.
  6290 | Temple   | Entered the Ecumenical Temple
  7202 | D:9      | Found a sacrificial altar of Ru.
  7202 | D:9      | Found an ancient bone altar of Kikubaaqudgha.
  7218 | D:9      | Gained mutation: Your magical capacity is low (-10% MP). [potion of mutation]
  7218 | D:9      | Gained mutation: You are frail (-10% HP). [potion of mutation]
  7218 | D:9      | Gained mutation: You can translocate small distances at will. [potion of mutation]
  7219 | D:9      | Lost mutation: You are frail (-10% HP). [potion of cure mutation]
  7219 | D:9      | Lost mutation: You can translocate small distances at will. [potion of cure mutation]
  7219 | D:9      | Lost mutation: Your magical capacity is low (-10% MP). [potion of cure mutation]
  7628 | D:10     | Entered Level 10 of the Dungeon
  7628 | D:10     | Noticed an unseen horror
  7634 | D:10     | Killed an unseen horror
  7634 | D:10     | Reached skill level 8 in Stealth
  7676 | D:10     | Noticed Urug
  7693 | D:10     | Noticed a hill giant
  7696 | D:10     | Found a shattered altar of Ashenzari.
  7701 | D:10     | Killed a hill giant
  7705 | D:10     | Reached XP level 10. HP: 36/71 MP: 23/23
  7777 | D:10     | Killed Urug
  7803 | D:10     | Acquired Makhleb's fifth power
  7803 | D:10     | Reached skill level 9 in Stealth
  8437 | D:10     | Found a white marble altar of Elyvilon.
  8601 | D:10     | Learned a level 5 spell: Shadow Creatures
  8970 | D:11     | Found a staircase to the Lair.
  9076 | D:11     | Noticed a purple ugly thing
  9086 | D:11     | Killed a purple ugly thing
  9086 | D:11     | Reached skill level 1 in Invocations
  9185 | D:11     | Noticed Erolcha
  9188 | D:11     | Killed Erolcha
  9214 | D:11     | Reached XP level 11. HP: 76/76 MP: 24/25
  9230 | D:11     | Found a staircase to the Orcish Mines.
  9319 | D:11     | Found a roughly hewn altar of Beogh.
  9686 | D:11     | Found a portal to a secret trove of treasure.
  9787 | D:11     | Found a stormy altar of Qazlal.
  9824 | D:12     | Noticed a hill giant
  9841 | D:12     | Killed a hill giant
  9949 | D:12     | Noticed Psyche
  9981 | D:12     | Noticed an eight-headed hydra
  9996 | D:12     | Killed an eight-headed hydra
 10003 | D:12     | Noticed an Executioner
 10003 | D:12     | Killed Psyche
 10004 | D:12     | Demolished by an Executioner

Action                   |  1- 3 |  4- 6 |  7- 9 | 10-12 || total
-------------------------+-------+-------+-------+-------++-------
Melee: Unarmed           |    11 |       |       |       ||    11
       Short sword       |    14 |       |       |       ||    14
       Whip              |    40 |       |   192 |   116 ||   348
       Mace              |    26 |    48 |    16 |       ||    90
 Cast: Summon Small Mamm |     3 |     1 |     1 |       ||     5
       Call Imp          |     6 |     1 |       |       ||     7
       Call Canine Famil |     5 |     4 |     7 |     1 ||    17
       Summon Ice Beast  |       |       |    48 |    19 ||    67
       Summon Guardian G |       |       |     4 |     2 ||     6
       Shadow Creatures  |       |       |       |    32 ||    32
Invok: Minor Destruction |       |       |     2 |       ||     2
       Lesser Servant of |       |       |     1 |       ||     1
       Greater Servant o |       |       |       |     6 ||     6
  Use: Potion            |       |     3 |    14 |     9 ||    26
       Scroll            |       |       |    11 |     5 ||    16
 Stab: Sleeping          |     1 |     4 |    21 |     2 ||    28
       Distracted        |     1 |     2 |     1 |     1 ||     5
  Eat: Corpse            |     9 |     5 |    21 |    17 ||    52
